[ AOE2 MATCH · #506607151 ]
UnrankedMagyars vs Sicilians
Player's team · WIN
[ REPLAY ANALYSIS · EXTRACTED FROM THE RECORDED GAME ]
Feudal
8:51
Castle
23:49
Imperial
—
| APM avg | 60.5 |
| APM peak | 91 |
| eAPM avg | 25.7 |
| Villagers / military | 51 / 25 |
Focus
⚔️ 30.0% · 🌾 70.0%
Archer ×13 · Militia ×5 · Skirmisher ×4 · Scout Cavalry ×3
Feudal
9:01
Castle
—
Imperial
—
| APM avg | 58.3 |
| APM peak | 89 |
| eAPM avg | 25.1 |
| Villagers / military | 46 / 21 |
Focus
⚔️ 34.9% · 🌾 65.1%
Archer ×12 · Skirmisher ×6 · Spearman ×2 · Serjeant ×1
Match map
Initial resources + every placement click. Lines = walls · curves = elevation contours. ◆ gold · ⬟ stone · ● berries · ✦ relic · ◌ wall gap
Your base· Open — unwalled flank
I'm down but alive's base· Open — unwalled flank
Smoothed initial terrain · ◌ = detected wall gap · hover for details
Inputs per minute
— manteldon - - I'm down but alive
Build order — manteldon
130 actions detected in the replay
| 0:00 | Queue | Villager (Male) |
| 0:00 | Queue | Villager (Male) |
| 0:01 | Queue | Villager (Male) |
| 0:01 | Queue | Villager (Male) |
| 0:03 | Build | House |
| 0:04 | Build | House |
| 1:23 | Queue | Villager (Male) |
| 1:23 | Queue | Villager (Male) |
| 1:23 | Queue | Villager (Male) |
| 1:50 | Build | Lumber Camp |
| 1:55 | Queue | Villager (Male) |
| 1:55 | Queue | Villager (Male) |
| 2:15 | Queue | Villager (Male) |
| 2:15 | Queue | Villager (Male) |
| 2:35 | Queue | Villager (Male) |
| 2:35 | Queue | Villager (Male) |
| 2:36 | Queue | Villager (Male) |
| 3:05 | Queue | Villager (Male) |
| 3:05 | Queue | Villager (Male) |
| 3:05 | Queue | Villager (Male) |
| 3:24 | Build | House |
| 3:27 | Queue | Villager (Male) |
| 3:27 | Queue | Villager (Male) |
| 3:28 | Queue | Villager (Male) |
| 4:00 | Queue | Villager (Male) |
| 4:00 | Queue | Villager (Male) |
| 4:18 | Queue | Villager (Male) |
| 4:48 | Queue | Villager (Male) |
| 5:15 | Queue | Villager (Male) |
| 5:35 | Build | Barracks |
| 5:41 | Queue | Villager (Male) |
| 5:55 | Research | Loom |
| 5:58 | Build | House |
| 6:03 | Queue | Villager (Male) |
| 6:37 | Research | Feudal Age |
| 7:05 | Queue | Militia |
| 7:05 | Queue | Militia |
| 7:06 | Queue | Militia |
| 7:08 | Build | Mining Camp |
| 7:40 | Build | House |
| 8:05 | Queue | Militia |
| 8:05 | Queue | Militia |
| 8:35 | Queue | Villager (Male) |
| 8:51 | Age | Feudal Age |
| 8:57 | Build | Archery Range |
| 9:12 | Research | Man-at-Arms (upgrade) |
| 9:21 | Queue | Villager (Male) |
| 9:21 | Queue | Villager (Male) |
| 9:46 | Queue | Villager (Male) |
| 9:51 | Build | House |
| 9:52 | Queue | Skirmisher |
| 9:52 | Queue | Skirmisher |
| 10:15 | Build | Palisade Wall |
| 10:17 | Build | Palisade Wall |
| 10:18 | Build | Palisade Wall |
| 10:27 | Build | Palisade Wall |
| 10:34 | Build | Watch Tower |
| 10:48 | Queue | Villager (Male) |
| 11:00 | Queue | Villager (Male) |
| 11:30 | Build | Mill |
| 11:57 | Queue | Archer |
| 11:57 | Queue | Archer |
| 12:06 | Build | Farm |
| 12:07 | Build | Farm |
| 12:08 | Build | Farm |
| 12:31 | Build | Farm |
| 12:31 | Build | Farm |
| 12:37 | Build | Palisade Wall |
| 12:41 | Build | House |
| 12:42 | Build | Palisade Wall |
| 12:51 | Build | Farm |
| 12:53 | Queue | Villager (Male) |
| 12:53 | Queue | Villager (Male) |
| 14:04 | Queue | Villager (Male) |
| 14:21 | Queue | Archer |
| 14:21 | Queue | Archer |
| 14:26 | Build | Blacksmith |
| 14:28 | Build | Palisade Wall |
| 14:32 | Queue | Villager (Male) |
| 14:45 | Queue | Villager (Male) |
| 14:55 | Queue | Archer |
| 15:15 | Queue | Villager (Male) |
| 15:25 | Build | Stable |
| 15:34 | Research | Fletching |
| 15:34 | Research | Fletching |
| 15:36 | Queue | Skirmisher |
| 15:36 | Queue | Skirmisher |
| 15:51 | Build | Farm |
| 15:55 | Research | Double-Bit Axe |
| 15:55 | Research | Double-Bit Axe |
| 15:59 | Queue | Villager (Male) |
| 16:06 | Queue | Scout Cavalry |
| 16:06 | Queue | Scout Cavalry |
| 16:12 | Queue | Villager (Male) |
| 16:15 | Queue | Archer |
| 16:22 | Build | House |
| 16:36 | Build | House |
| 16:55 | Queue | Scout Cavalry |
| 16:58 | Queue | Archer |
| 16:59 | Queue | Villager (Male) |
| 17:02 | Build | House |
| 17:25 | Queue | Villager (Male) |
| 17:34 | Queue | Villager (Male) |
| 17:34 | Queue | Villager (Male) |
| 17:35 | Build | Farm |
| 17:36 | Build | Farm |
| 17:40 | Build | Farm |
| 18:33 | Queue | Villager (Male) |
| 18:42 | Queue | Villager (Male) |
| 18:48 | Build | Mining Camp |
| 19:00 | Build | Market |
| 19:35 | Queue | Villager (Male) |
| 19:37 | Build | House |
| 19:38 | Build | House |
| 19:49 | Queue | Villager (Male) |
| 20:29 | Build | Mining Camp |
| 20:36 | Queue | Villager (Male) |
| 21:09 | Research | Castle Age |
| 21:36 | Queue | Archer |
| 21:36 | Queue | Archer |
| 21:53 | Queue | Archer |
| 22:13 | Queue | Archer |
| 22:42 | Queue | Archer |
| 23:14 | Queue | Villager (Male) |
| 23:21 | Queue | Archer |
| 23:49 | Age | Castle Age |
| 23:50 | Research | Crossbowman (upgrade) |
| 23:51 | Research | Crossbowman (upgrade) |
| 23:54 | Research | Bodkin Arrow |
| 23:54 | Research | Bodkin Arrow |
Build order — I'm down but alive
148 actions detected in the replay
| 0:03 | Queue | Villager (Male) |
| 0:03 | Queue | Villager (Male) |
| 0:03 | Queue | Villager (Male) |
| 0:03 | Queue | Villager (Male) |
| 0:05 | Build | House |
| 0:06 | Build | House |
| 1:35 | Queue | Villager (Male) |
| 2:04 | Queue | Villager (Male) |
| 2:12 | Build | Lumber Camp |
| 2:22 | Queue | Villager (Male) |
| 2:43 | Queue | Villager (Male) |
| 2:43 | Queue | Villager (Male) |
| 3:22 | Queue | Villager (Male) |
| 3:40 | Queue | Villager (Male) |
| 3:54 | Build | House |
| 4:07 | Queue | Villager (Male) |
| 4:40 | Queue | Villager (Male) |
| 4:40 | Queue | Villager (Male) |
| 4:56 | Queue | Villager (Male) |
| 5:19 | Research | Loom |
| 6:17 | Queue | Villager (Male) |
| 6:25 | Build | Mining Camp |
| 6:51 | Research | Feudal Age |
| 7:40 | Build | Palisade Wall |
| 7:41 | Build | Palisade Wall |
| 8:14 | Build | Donjon |
| 8:21 | Build | Palisade Wall |
| 8:22 | Build | Palisade Wall |
| 8:22 | Build | Palisade Wall |
| 8:23 | Build | Palisade Wall |
| 8:26 | Build | Palisade Wall |
| 8:28 | Build | Palisade Wall |
| 8:34 | Build | House |
| 8:37 | Build | Palisade Wall |
| 8:37 | Build | Palisade Wall |
| 8:40 | Build | Palisade Wall |
| 8:41 | Build | Palisade Wall |
| 8:45 | Build | Palisade Wall |
| 8:47 | Queue | Villager (Male) |
| 8:49 | Queue | Villager (Male) |
| 9:01 | Age | Feudal Age |
| 9:04 | Queue | Serjeant |
| 9:06 | Build | Archery Range |
| 9:09 | Build | House |
| 9:13 | Build | House |
| 9:16 | Queue | Villager (Male) |
| 9:35 | Build | Palisade Gate |
| 9:46 | Queue | Villager (Male) |
| 9:49 | Research | Double-Bit Axe |
| 9:52 | Queue | Skirmisher |
| 10:23 | Queue | Skirmisher |
| 10:24 | Queue | Villager (Male) |
| 10:42 | Build | House |
| 10:57 | Queue | Skirmisher |
| 11:05 | Build | Mining Camp |
| 11:17 | Queue | Villager (Male) |
| 11:46 | Build | Mill |
| 12:01 | Queue | Archer |
| 12:34 | Build | Farm |
| 12:35 | Build | Farm |
| 12:49 | Build | Donjon |
| 13:02 | Build | Farm |
| 13:03 | Build | Farm |
| 13:03 | Build | Farm |
| 13:05 | Build | Farm |
| 13:23 | Build | Palisade Wall |
| 13:24 | Build | Palisade Wall |
| 13:31 | Build | Palisade Wall |
| 13:32 | Build | Palisade Wall |
| 13:34 | Build | Palisade Wall |
| 13:36 | Build | Palisade Wall |
| 13:37 | Build | Palisade Wall |
| 13:48 | Queue | Skirmisher |
| 13:56 | Queue | Archer |
| 13:58 | Queue | Villager (Male) |
| 14:03 | Build | Palisade Wall |
| 14:06 | Build | Farm |
| 14:17 | Queue | Archer |
| 14:24 | Queue | Villager (Male) |
| 14:27 | Build | Farm |
| 14:28 | Build | House |
| 14:37 | Queue | Villager (Male) |
| 14:53 | Queue | Archer |
| 14:55 | Queue | Villager (Male) |
| 14:58 | Build | House |
| 15:14 | Queue | Villager (Male) |
| 15:19 | Queue | Villager (Male) |
| 15:27 | Build | Farm |
| 15:35 | Queue | Archer |
| 15:44 | Build | Farm |
| 15:49 | Queue | Villager (Male) |
| 15:53 | Build | Palisade Wall |
| 16:13 | Build | Blacksmith |
| 16:33 | Queue | Archer |
| 16:38 | Queue | Villager (Male) |
| 16:42 | Build | Farm |
| 16:47 | Queue | Archer |
| 17:05 | Queue | Spearman |
| 17:07 | Queue | Villager (Male) |
| 17:13 | Research | Fletching |
| 17:14 | Queue | Villager (Male) |
| 17:16 | Build | House |
| 17:19 | Build | Farm |
| 17:24 | Research | Town Watch |
| 17:24 | Queue | Villager (Male) |
| 17:42 | Build | Donjon |
| 17:45 | Queue | Archer |
| 17:51 | Queue | Spearman |
| 17:52 | Queue | Villager (Male) |
| 17:56 | Build | Stone Wall |
| 18:13 | Build | Donjon |
| 18:15 | Build | Palisade Wall |
| 18:17 | Build | Palisade Wall |
| 18:19 | Build | Palisade Wall |
| 18:21 | Build | Palisade Wall |
| 18:30 | Queue | Villager (Male) |
| 18:38 | Queue | Villager (Male) |
| 18:41 | Build | Lumber Camp |
| 18:48 | Build | House |
| 18:49 | Queue | Villager (Male) |
| 18:49 | Queue | Villager (Male) |
| 18:55 | Build | Palisade Wall |
| 18:58 | Build | Palisade Wall |
| 19:18 | Queue | Villager (Male) |
| 19:44 | Build | House |
| 19:46 | Queue | Villager (Male) |
| 19:51 | Research | Padded Archer Armor |
| 20:20 | Queue | Villager (Male) |
| 20:31 | Build | Lumber Camp |
| 20:39 | Queue | Archer |
| 20:39 | Queue | Archer |
| 20:42 | Queue | Villager (Male) |
| 21:26 | Build | Palisade Wall |
| 21:27 | Queue | Villager (Male) |
| 21:30 | Build | House |
| 21:34 | Queue | Archer |
| 21:44 | Research | Horse Collar |
| 21:51 | Build | Market |
| 22:24 | Queue | Villager (Male) |
| 22:26 | Queue | Archer |
| 22:34 | Queue | Villager (Male) |
| 23:04 | Build | Palisade Wall |
| 23:13 | Queue | Skirmisher |
| 23:13 | Queue | Skirmisher |
| 23:14 | Queue | Villager (Male) |
| 23:32 | Build | Farm |
| 23:32 | Build | Farm |
| 23:39 | Build | Palisade Gate |
Match timeline
| 5:35 | manteldon · first_building Barracks |
| 7:40 | I'm down but alive · wall_segment Palisade Wall x1 |
| 7:41 | I'm down but alive · wall_segment Palisade Wall x1 |
| 8:14 | I'm down but alive · first_building Donjon |
| 8:21 | I'm down but alive · wall_segment Palisade Wall x3 |
| 8:22 | I'm down but alive · wall_segment Palisade Wall x1 |
| 8:22 | I'm down but alive · wall_segment Palisade Wall x1 |
| 8:23 | I'm down but alive · wall_segment Palisade Wall x1 |
| 8:26 | I'm down but alive · wall_segment Palisade Wall x4 |
| 8:28 | I'm down but alive · wall_segment Palisade Wall x2 |
| 8:37 | I'm down but alive · wall_segment Palisade Wall x1 |
| 8:37 | I'm down but alive · wall_segment Palisade Wall x1 |
| 8:40 | I'm down but alive · wall_segment Palisade Wall x1 |
| 8:41 | I'm down but alive · wall_segment Palisade Wall x1 |
| 8:45 | I'm down but alive · wall_segment Palisade Wall x1 |
| 8:51 | manteldon · age_up feudal |
| 8:57 | manteldon · first_building Archery Range |
| 9:01 | I'm down but alive · age_up feudal |
| 9:06 | I'm down but alive · first_building Archery Range |
| 10:15 | manteldon · wall_segment Palisade Wall x1 |
| 10:17 | manteldon · wall_segment Palisade Wall x1 |
| 10:18 | manteldon · wall_segment Palisade Wall x1 |
| 10:27 | manteldon · wall_segment Palisade Wall x1 |
| 12:37 | manteldon · wall_segment Palisade Wall x1 |
| 12:42 | manteldon · wall_segment Palisade Wall x1 |
| 13:23 | I'm down but alive · wall_segment Palisade Wall x1 |
| 13:24 | I'm down but alive · wall_segment Palisade Wall x1 |
| 13:31 | I'm down but alive · wall_segment Palisade Wall x1 |
| 13:32 | I'm down but alive · wall_segment Palisade Wall x1 |
| 13:34 | I'm down but alive · wall_segment Palisade Wall x1 |
| 13:36 | I'm down but alive · wall_segment Palisade Wall x1 |
| 13:37 | I'm down but alive · wall_segment Palisade Wall x1 |
| 14:03 | I'm down but alive · wall_segment Palisade Wall x1 |
| 14:28 | manteldon · wall_segment Palisade Wall x7 |
| 15:25 | manteldon · first_building Stable |
| 15:53 | I'm down but alive · wall_segment Palisade Wall x1 |
| 17:56 | I'm down but alive · wall_segment Stone Wall x1 |
| 18:15 | I'm down but alive · wall_segment Palisade Wall x1 |
| 18:17 | I'm down but alive · wall_segment Palisade Wall x1 |
| 18:19 | I'm down but alive · wall_segment Palisade Wall x1 |
| 18:21 | I'm down but alive · wall_segment Palisade Wall x1 |
| 18:55 | I'm down but alive · wall_segment Palisade Wall x4 |
| 18:58 | I'm down but alive · wall_segment Palisade Wall x4 |
| 20:14 | manteldon · first_market_sell 500 wood |
| 20:15 | manteldon · first_market_buy 100 food |
| 21:26 | I'm down but alive · wall_segment Palisade Wall x1 |
| 22:49 | I'm down but alive · first_market_sell 500 wood |
| 22:52 | I'm down but alive · first_market_buy 500 food |
| 23:04 | I'm down but alive · wall_segment Palisade Wall x1 |
| 23:49 | manteldon · age_up castle |
| 23:55 | I'm down but alive · resign |
[ AI ANALYSIS · 1 CREDIT ]
What really happened in this match?
Wolo.gg analyzes every decision: build order, eco, micro, common mistakes by bracket. Personalized analysis on WhatsApp or Discord in 30 seconds.
Civ guide
Magyars
Perfil
manteldon